 Dungeon Crawl Stone Soup version 0.17-a0-1468-gbf503c2 (webtiles) character file.

319 pulse the Chopper (level 6, -2/47 HPs)
             Began as a Formicid Berserker on July 1, 2015.
             Was a Priest of Trog.
             Slain by an ogre
             ... wielding a +0 giant club
              (5 damage)
             ... on level 4 of the Dungeon.
             The game lasted 00:09:03 (4465 turns).

pulse the Chopper (Formicid Berserker)              Turns: 4465, Time: 00:09:04

Health: -2/47      AC: 13    Str: 24    XL:     6   Next: 75%
Magic:  6/6        EV:  9    Int:  6    God:    Trog [***...]
Gold:   82         SH:  0    Dex: 10    Spells: 0 memorised, 5 levels left

rFire  . . .     SeeInvis +     p - +0 hand axe (flame)
rCold  . . .     Clarity  .     b - +1 chain mail
rNeg   . . .     SustAt   .     (no shield)
rPois  .         Gourm    .     (helmet unavailable)
rElec  .         Spirit   .     (no cloak)
rCorr  .         Warding  .     e - +2 pair of gloves
rMut   .         Stasis   +     (no boots)
MR     .....                    (no amulet)
Stlth  ..........               (no ring)
                                (no ring)

@: not resistant to hostile enchantments, extremely unstealthy
A: permanent stasis, dig shafts and tunnels, four strong arms, antennae 3
a: Dig, Shaft Self, Burn Spellbooks, Trog's Hand, Renounce Religion


You were on level 4 of the Dungeon.
You worshipped Trog.
Trog was most pleased with you.
You were not hungry.

You visited 1 branch of the dungeon, and saw 4 of its levels.

You collected 82 gold pieces.

Inventory:

Hand weapons
 a - a +0 hand axe
 p - a +0 hand axe of flaming (weapon)
Armour
 b - a +1 chain mail (worn)
 e - a +2 pair of gloves (worn)
Jewellery
 l - an uncursed ring of wizardry {unknown}
Scrolls
 f - a scroll of blinking
 i - 2 scrolls of enchant armour
 k - a scroll of teleportation
Potions
 m - a potion of cancellation
Comestibles
 c - 4 bread rations
 g - a slice of pizza
 j - 12 fruits


   Skills:
 - Level 3.2 Fighting
 * Level 6.5 Axes
 - Level 2.7 Armour
 - Level 2.4 Dodging


You had 5 spell levels left.
You didn't know any spells.

Dungeon Overview and Level Annotations

Branches:
Dungeon (4/15)
 Temple: D:4-7

Altars:
Qazlal
Sif Muna
Yredelemnul

Annotations:
D:1 1 exclusion
D:4 Pikel


Innate Abilities, Weirdness & Mutations

You are under a permanent stasis effect.
You can dig through walls and to a lower floor.
Your four strong arms can wield two-handed weapons with a shield.
You have a pair of large antennae on your head (SInv).


Message History

The ogre is severely wounded.
The ogre barely misses you.
You barely miss the ogre.
The ogre is severely wounded.
You hit the ogre. You burn the ogre.
The ogre is almost dead.
The ogre hits you with a giant club!
* * * LOW HITPOINT WARNING * * *
You are too injured to fight recklessly!
You are too injured to fight recklessly!
You are too injured to fight recklessly!
You are too injured to fight recklessly!
You are too injured to fight recklessly!
You hit the ogre. You burn the ogre.
The ogre is almost dead.
The ogre completely misses you.
You hit the ogre but do no damage.
The ogre is almost dead.
The ogre hits you with a giant club.
You die...

...#.#...##.#....................
...#.###.................#.#.....
[..#.#....#...#.....##...#.#.....
+#.#.............####............
.#.#...#..#......................
.#........#..##..#.##..#.#.......
..(......##..##..#.##..#......#..
......#.........O#....?#.........
..###.#.###..##.@.>....#......#..
..###+...........................
..#....#############.############
..#....#...........#.#...........
..#....#.####.####.#)#.####.####.
..#....#....#.#....#.#....#.#....
..#....####.#.#.####.####.#.#.###
#.........#.#...........#.#....
###....######.#############.#####


You could see an ogre.

Vanquished Creatures
  A scorpion (D:4)
  An orc wizard (D:3)
  An orc priest (D:3)
  A worker ant (D:4)
  10 adders
  An ooze (D:4)
  A worm (D:4)
  2 giant geckos (D:3)
  7 orcs
  2 giant cockroaches (D:3)
  13 goblins
  5 hobgoblins
  7 jackals
  A ball python (D:2)
  8 bats
  8 giant newts
  8 kobolds
  9 rats
86 creatures vanquished.

Notes
Turn   | Place    | Note
--------------------------------------------------------------
     0 | D:1      | pulse the Formicid Berserker began the quest for the Orb.
     0 | D:1      | Reached XP level 1. HP: 18/18 MP: 1/1
   342 | D:1      | Reached XP level 2. HP: 24/24 MP: 2/2
   955 | D:2      | Reached XP level 3. HP: 29/29 MP: 3/3
  1113 | D:2      | Acquired Trog's second power
  1457 | D:2      | Reached skill level 4 in Axes
  1457 | D:2      | Reached XP level 4. HP: 27/35 MP: 4/4
  1976 | D:3      | Reached XP level 5. HP: 41/41 MP: 5/5
  2016 | D:3      | Reached skill level 5 in Axes
  2589 | D:3      | Found a basalt altar of Yredelemnul.
  2589 | D:3      | Found a deep blue altar of Sif Muna.
  2590 | D:3      | Found a stormy altar of Qazlal.
  2672 | D:3      | Reached XP level 6. HP: 44/47 MP: 6/6
  2745 | D:4      | Noticed a slave
  3176 | D:4      | Reached skill level 6 in Axes
  3576 | D:4      | Noticed a two-headed ogre
  4023 | D:4      | Noticed Pikel
  4026 | D:4      | Noticed a slave
  4026 | D:4      | Noticed a slave
  4042 | D:4      | Noticed a slave
  4465 | D:4      | Slain by an ogre

Vault maps used:
D:1:      mrwooster_arrival_statue
D:3:      gammafunk_temple_overflow_claw, minmay_stone_trees_small
D:4:      dk_noncrumbling_4, roderic_lattice_a, uniq_pikel

Action                   |  1- 3 |  4- 6 || total
-------------------------+-------+-------++-------
Melee: Hand axe          |   125 |   236 ||   361
  Use: Scroll            |       |     8 ||     8
       Potion            |       |     4 ||     4
  Eat: Beef jerky        |       |     2 ||     2
       Meat ration       |       |     1 ||     1
       Fruit             |       |     1 ||     1
       Royal jelly       |       |     1 ||     1
       Chunk             |       |     1 ||     1
